Map: Data-C

Players

Nina

  • Race: Protoss Protoss
  • Spawn Location: 9:00

Bunny - Winner!

  • Race: Terran Terran
  • Spawn Location: 3:00

Event: DreamHack SC2 Masters 2022 Atlanta (Offline)

VOD

Have the link to the VOD?

Description

Time

  • Played on: Nov. 18, 2022, 11:11 a.m.
  • Length: 7:22

All games in this series

Show
View Real Time Build Order
Export as new Build Order

Nina Protoss 

Build Orders: 1 Gate Expand, Blink Stalkers 

Get SALT Encoding   

  12  0:00  Probe  
  13  0:12  Probe  
  14  0:17  Pylon  
  14  0:24  Probe (Chrono Boost)  
  15  0:36  Probe (Chrono Boost)  
  15  0:37  Gateway  
  16  0:45  Probe (Chrono Boost)  
  16  0:48  Assimilator  
  17  0:50  Probe  
  18  1:03  Probe  
  19  1:15  Probe  
  20  1:25  Cybernetics Core  
  20  1:37  Nexus  
  20  1:44  Pylon  
  20  1:47  Probe  
  21  1:57  Assimilator  
  21  1:59  Probe (Chrono Boost)  
  21  2:01  Stalker (Chrono Boost)  
  22  2:06  Warp Gate  
  23  2:11  Probe (Chrono Boost)  
  24  2:19  Probe (Chrono Boost)  
  25  2:24  Stalker  
  25  2:26  Probe  
  28  2:37  Twilight Council  
  28  2:39  Probe  
  30  2:53  Probe (Chrono Boost)  
  30  2:55  Probe (Chrono Boost)  
  31  2:58  Stalker  
  31  3:03  Probe (Chrono Boost)  
  35  3:05  Probe (Chrono Boost)  
  35  3:07  Blink (Chrono Boost)  
  35  3:10  Pylon  
  35  3:11  Probe  
  36  3:18  Probe  
  37  3:25  Probe  
  38  3:28  Gateway  
  38  3:30  Probe  
  39  3:37  Probe  
  39  3:39  Robotics Facility  
  40  3:42  Probe  
  40  3:47  Shield Battery  
  41  3:50  Probe  
  41  3:54  Probe  
  43  3:56  Stalker  
  43  4:01  Pylon  
  45  4:02  Probe  
  45  4:07  Probe  
  47  4:15  Probe  
  46  4:19  Probe  
  46  4:20  Stalker  
  49  4:26  Observer  
  49  4:27  Probe  
  49  4:29  Pylon  
  49  4:31  Probe, Stalker  
  54  4:35  Assimilator  
  54  4:39  Probe  
  54  4:40  Assimilator  
  54  4:45  Probe, Stalker  
  56  4:46  Pylon  
  56  4:51  Observer, Probe  
  60  4:54  Stalker  
  62  5:00  Probe  
  63  5:12  Probe  
  64  5:16  Nexus  
  64  5:17  Probe  
  64  5:19  Charge  
  65  5:23  Stalker x2  
  65  5:24  Probe, Pylon  
  70  5:29  Robotics Bay  
  70  5:30  Probe  
  71  5:38  Gateway  
  71  5:39  Gateway  
  71  5:45  Gateway  
  71  5:48  Probe  
  72  5:50  Sentry  
  72  5:51  Sentry  
  72  5:53  Observer  
  72  5:54  Gateway  
  72  6:05  Probe  
  72  6:08  Probe  
  74  6:12  Pylon  
  74  6:13  Disruptor (Chrono Boost)  
  74  6:17  Zealot x2, Probe  
  82  6:28  Gateway  
  82  6:30  Pylon  
  82  6:31  Probe x2  
  82  6:32  Probe  
  85  6:35  Shield Battery, Zealot  
  85  6:36  Zealot  
  89  6:46  Zealot x3  
  95  6:51  Zealot  
  97  6:58  Zealot  
  97  6:59  Zealot  
  98  7:07  Zealot  
  98  7:08  Zealot x2  
  93  7:14  Zealot  
  72  7:19  Zealot x2, Gateway  
Show
View Real Time Build Order
Export as new Build Order

Bunny Terran - Winner!

Build Orders: 1/1/1 

Get SALT Encoding   

  12  0:00  SCV  
  13  0:12  SCV  
  14  0:17  Supply Depot  
  14  0:24  SCV  
  15  0:38  SCV  
  15  0:40  Barracks  
  16  0:42  Refinery  
  16  0:50  SCV  
  16  0:52  Refinery  
  17  1:02  SCV  
  18  1:15  SCV  
  19  1:27  Reaper, Orbital Command  
  19  1:30  Supply Depot  
  20  1:42  Factory  
  20  1:54  SCV  
  21  2:01  Barracks Reactor  
  21  2:06  SCV  
  22  2:17  Command Center  
  22  2:19  SCV  
  23  2:28  Starport  
  23  2:31  SCV  
  23  2:35  Widow Mine  
  26  2:37  Marine  
  26  2:40  Marine  
  26  2:43  SCV  
  29  2:48  Supply Depot  
  29  2:55  SCV  
  30  3:00  Marine  
  31  3:09  Medivac, Marine  
  31  3:10  Widow Mine  
  31  3:11  SCV  
  37  3:20  Marine  
  37  3:23  SCV  
  39  3:28  Orbital Command, Marine  
  39  3:32  Factory Tech Lab  
  40  3:35  SCV  
  40  3:41  Starport Tech Lab  
  41  3:42  Barracks  
  41  3:48  SCV, Refinery  
  42  3:53  Siege Tank  
  45  3:55  SCV  
  45  4:00  SCV  
  45  4:02  Supply Depot  
  47  4:07  Marine x2  
  49  4:11  Raven  
  49  4:18  SCV x2  
  51  4:24  Marine x2  
  51  4:25  Bunker  
  51  4:26  Engineering Bay  
  51  4:30  Siege Tank  
  56  4:33  Barracks Tech Lab  
  56  4:34  SCV  
  56  4:36  SCV  
  58  4:41  Barracks  
  58  4:46  Supply Depot  
  58  4:47  SCV  
  58  4:49  SCV  
  60  4:54  Stimpack  
  60  5:00  Terran Infantry Weapons Level 1  
  60  5:01  SCV x2  
  60  5:04  Refinery  
  62  5:07  Marine x2  
  62  5:08  Marine  
  60  5:15  Starport Reactor  
  60  5:17  Siege Tank  
  60  5:18  SCV x2  
  65  5:21  Supply Depot  
  65  5:24  Supply Depot  
  65  5:28  Marauder, Marine  
  67  5:29  Marine  
  67  5:32  SCV  
  70  5:37  Supply Depot  
  70  5:40  Combat Shield  
  70  5:43  SCV  
  70  5:45  Marauder  
  70  5:48  Marine x2  
  70  5:49  Marauder  
  77  5:54  Medivac  
  77  5:55  Medivac  
  81  5:57  Supply Depot  
  81  5:59  SCV  
  79  6:07  Marauder, Marine  
  79  6:08  Marine  
  79  6:11  Marauder  
  85  6:12  Widow Mine  
  87  6:21  SCV x2  
  87  6:23  Supply Depot  
  88  6:25  Medivac x2  
  92  6:34  Concussive Shells, Marauder x2  
  92  6:35  Marine x2  
  98  6:41  Factory Reactor  
Tags
 
Add a new tag
Caveats
  • Supply blocks, unpowered buildings, or Contaminate may cause inaccurate times.
  • Supply counts are checked every 10 seconds.